 Dungeon Crawl Stone Soup version 0.18-a0-1718-g40ea4b6 (webtiles) character file.

240 abixa the Ruffian (level 5, 1/49 HPs)
             Began as a Troll Warper on Apr 8, 2016.
             Quit the game in an ossuary.
             The game lasted 00:10:47 (2584 turns).

abixa the Ruffian (Troll Warper)                    Turns: 2584, Time: 00:10:48

Health: 1/49       AC:  6    Str: 19    XL:     5   Next: 80%
Magic:  5/5        EV: 10    Int: 10    God:
Gold:   180        SH:  0    Dex:  6    Spells: 1 memorised, 5 levels left

rFire  . . .     SeeInvis .       - Unarmed
rCold  . . .     Gourm    +     a - +0 robe
rNeg   . . .     Faith    .     (no shield)
rPois  .         Spirit   .     (helmet restricted)
rElec  .         Dismiss  .     n - +0 cloak
rCorr  .         Reflect  .     (gloves unavailable)
SustAt .         Harm     .     (boots unavailable)
MR     .....                    (no amulet)
Stlth  +.........               o - +1 ring of evasion
                                y - -3 ring of dexterity

@: very slightly contaminated, not resistant to hostile enchantments, very
unstealthy
A: unfitting armour, claws 3, fast metabolism 3, gourmand, regeneration 2,
shaggy fur 1, tough skin 2
a: no special abilities


You were in an ossuary.
You were very full.

You visited 1 branch of the dungeon, and saw 4 of its levels.
You also visited: Ossuary.

You collected 180 gold pieces.

Inventory:

Hand Weapons
 v - a +0 trident
Missiles
 g - 100 stones (quivered)
 t - 2 needles of sleeping
 x - 5 tomahawks of dispersal
Armour
 a - a +0 robe (worn)
 n - a +0 cloak (worn)
Jewellery
 j - an uncursed ring of stealth
 o - a +1 ring of evasion (right claw)
 y - a -3 ring of dexterity (left claw)
Scrolls
 c - a scroll of blinking
 d - 2 scrolls of teleportation
 h - a scroll of random uselessness
 l - 3 scrolls of immolation
 m - 3 scrolls of remove curse
 r - a scroll of amnesia {unknown}
 s - a scroll of noise {unknown}
 B - a scroll of enchant weapon
Potions
 e - 2 potions of curing {unknown}
 i - 2 potions of might {unknown}
 u - a potion of flight {unknown}
 w - a potion of haste {unknown}
 z - a potion of degeneration {unknown}
 E - a potion of brilliance {unknown}
Books
 b - a book of Spatial Translocations

   Spells                             Type                      Level
   a - Apportation                    Translocation                1
   b - Blink                          Translocation                2
   c - Shroud of Golubria             Charms/Translocation         2
   d - Portal Projectile              Translocation                3
   e - Teleport Other                 Translocation                3
   f - Passage of Golubria            Translocation                4
Comestibles
 f - 3 bread rations
 C - a beef jerky
 D - a meat ration


   Skills:
 + Level 2.1 Fighting
 + Level 1.6 Throwing
 - Level 1.9 Dodging
 + Level 5.3 Unarmed Combat
 - Level 1.2 Spellcasting
 + Level 2.5 Translocations


You had 5 spell levels left.
You knew the following spells:

 Your Spells              Type           Power        Failure   Level  Hunger
a - Apportation           Tloc           #.........   14%         1    ##.....


Dungeon Overview and Level Annotations

Branches:
Dungeon (4/15)
 Temple: D:4-7

Altars:
Ashenzari
Trog
Vehumet

Shops:
D:4 !

Annotations:
D:4 George's ghost, amateur FoFi


Innate Abilities, Weirdness & Mutations

You are too large for most types of armour.
You have claws for hands.
Your metabolism is lightning-fast.
You like to eat raw meat.
You heal very quickly.
You are covered in fur (AC +1).
You have very tough skin (AC +2).


Message History

The elf zombie hits you.
* * * LOW HITPOINT WARNING * * *
You claw the hound zombie! The hound zombie bites you.
* * * LOW HITPOINT WARNING * * *
The hobgoblin zombie hits you but does no damage.
The elf zombie hits you but does no damage.
The orc zombie closely misses you.
The jackal zombie bites you but does no damage. x2
The hound zombie closely misses you. The kobold zombie barely misses you.
Read which item? (? for menu, Esc to quit)
Okay, then.
Unknown command.
Unknown command.
Read which item? (? for menu, Esc to quit)
Blink to where?
Press: ? - help, Dir - move target cursor, p - hound zombie You are very lightly contaminated with residual magic.
As you read the scroll of blinking, it crumbles to dust.
Sorry, you can't set a waypoint here.
Are you sure you want to abandon this character and quit the game? (Confirm with "yes".)

## ## ... ...
.... ....
.....#####.....
...............
.......@.......
...............
...............
..............(
.......Z....(..
......Z.Z......
.....ZZZZZ.....
......ZZ.......
......Z........


You could see 2 jackal zombies, a hound zombie, a goblin zombie, a hobgoblin
zombie, 2 gnoll zombies, an orc zombie and 2 elf zombies.

Vanquished Creatures
  An orc priest (D:4)
  Jessica (D:2)
  2 worker ants
  A gnoll (D:4)
  3 adders
  2 oozes
  2 worms
  3 giant geckos
  11 orcs
  3 giant cockroaches
  6 goblins
  4 hobgoblins
  6 jackals (D:2)
  A quokka (D:4)
  A ball python skeleton (D:4)
  8 bats
  3 giant newts (D:1)
  8 kobolds
  9 rats
75 creatures vanquished.

Vanquished Creatures (others)
  A giant cockroach (D:3)
1 creature vanquished.

Grand Total: 76 creatures vanquished

Notes
Turn   | Place    | Note
--------------------------------------------------------------
     0 | D:1      | abixa the Troll Warper began the quest for the Orb.
     0 | D:1      | Reached XP level 1. HP: 19/19 MP: 1/1
   115 | D:1      | Reached XP level 2. HP: 18/27 MP: 2/2
   471 | D:1      | Reached skill level 3 in Unarmed Combat
   789 | D:1      | Reached XP level 3. HP: 33/33 MP: 3/3
   937 | D:2      | Noticed Jessica
   944 | D:2      | Killed Jessica
   944 | D:2      | Reached skill level 4 in Unarmed Combat
  1052 | D:2      | Found a faded altar to an unknown god.
  1069 | D:2      | Reached XP level 4. HP: 41/41 MP: 4/4
  1279 | D:2      | Found a shattered altar of Ashenzari.
  1621 | D:3      | Found a radiant altar of Vehumet.
  1742 | D:3      | Reached skill level 5 in Unarmed Combat
  1845 | D:3      | Reached XP level 5. HP: 49/49 MP: 5/5
  2078 | D:3      | Reached skill level 1 in Throwing
  2167 | D:4      | Found a bloodstained altar of Trog.
  2317 | D:4      | Found Roxzyohe's Distillery.
  2557 | D:4      | Noticed an ogre
  2557 | D:4      | Noticed George's ghost (amateur FoFi)
  2565 | D:4      | Found a sand-covered staircase.
  2572 | Ossuary  | Entered an ossuary
  2582 | Ossuary  | HP: 1/49 [hound zombie (3)]
  2584 | Ossuary  | Quit the game

Vault maps used:
D:1:      dpeg_arrival_boxorama
D:2:      overflow_temple_1_default, first_bread, ecumenical_altar_1,
          kennysheep_generic_room_9, uniq_jessica
D:3:      fiery_altar_vehumet, minmay_misc_feat_five, roderic_roman_lattice
D:4:      nicolae_ossuary_entry_monument, serial_shops, shop, shop,
          kennysheep_mini_moat, bloody_trog
Ossuary:  ossuary_minmay_tomb_2a

Skill      XL: |  1  2  3  4  5 |
---------------+----------------+-----
Unarmed Combat | 3 4 5 |  5.3
Throwing       | 1 |  1.6
Fighting       | 2 |  2.1
Dodging        | |  1.9
Spellcasting   | |  1.2
Translocations | |  2.5

Action                   |  1- 3 |  4- 6 || total
-------------------------+-------+-------++-------
Melee: Unarmed           |    67 |   112 ||   179
Throw: Stone             |       |     9 ||     9
  Use: Scroll            |       |     8 ||     8
 Stab: Sleeping          |     3 |     3 ||     6
  Eat: Chunk             |    12 |    15 ||    27
